Map: Acid Plant LE

Players

FisterRoboto

  • Race: Zerg Zerg
  • League: Master
  • Spawn Location: 11:00

Vanish - Winner!

  • Race: Terran Terran
  • League: Master
  • Spawn Location: 5:00

VOD

Have the link to the VOD?

Description

Mech is hard feelsbadman

Time

  • Played on: Feb. 16, 2018, 10:31 p.m.
  • Length: 17:04
Show
View Real Time Build Order
Export as new Build Order

FisterRoboto Zerg 

Build Orders: Hatch First, Swarm Host, Zergling Baneling 

Get SALT Encoding   

  12  0:00  Drone  
  13  0:08  Drone  
  14  0:16  Overlord  
  14  0:22  Extractor  
  14  0:23  Drone  
  15  0:34  Drone x2  
  17  0:53  Hatchery  
  17  0:55  Drone  
  17  0:58  Drone  
  18  1:11  Extractor  
  17  1:14  Spawning Pool  
  17  1:16  Drone  
  17  1:19  Drone  
  18  1:27  Drone  
  19  1:38  Overlord  
  19  1:51  Drone  
  20  2:00  Queen  
  22  2:05  Queen  
  22  2:06  Zergling x4  
  26  2:21  Hatchery  
  25  2:24  Metabolic Boost  
  25  2:28  Drone  
  26  2:31  Drone  
  26  2:34  Drone  
  28  2:37  Drone  
  28  2:41  Drone  
  30  2:44  Drone  
  30  2:50  Overlord  
  31  2:55  Pneumatized Carapace  
  31  2:59  Drone  
  31  3:01  Drone  
  33  3:08  Drone x2  
  35  3:14  Queen  
  37  3:21  Drone x4  
  41  3:27  Drone x3  
  41  3:30  Overlord  
  44  3:39  Baneling Nest  
  44  3:40  Queen  
  45  3:57  Overlord  
  45  3:58  Queen, Overlord  
  45  4:00  Queen  
  49  4:05  Zergling x10  
  49  4:09  Zergling x4  
  56  4:10  Zergling x2  
  57  4:24  Drone  
  57  4:25  Drone x5  
  57  4:30  Drone x5  
  68  4:42  Baneling x8  
  68  4:51  Queen  
  72  4:52  Zergling x4  
  72  4:53  Zergling x4  
  72  4:54  Overlord x3  
  73  5:04  Zergling x12  
  74  5:07  Baneling  
  74  5:08  Baneling  
  74  5:13  Zergling x4  
  71  5:24  Drone x11  
  71  5:27  Extractor  
  81  5:39  Lair  
  81  5:41  Drone  
  81  5:42  Drone x4  
  86  5:44  Extractor  
  86  5:45  Extractor x2  
  86  5:46  Extractor  
  82  5:57  Drone  
  83  5:58  Drone x4, Hatchery  
  83  6:01  Drone x2  
  83  6:02  Drone  
  83  6:03  Drone  
  83  6:04  Drone  
  91  6:07  Drone x2  
  91  6:08  Evolution Chamber  
  91  6:09  Evolution Chamber  
  91  6:13  Overlord  
  91  6:23  Hatchery  
  91  6:24  Zergling x12  
  96  6:34  Zergling x4  
  96  6:38  Baneling x6  
  91  6:55  Zerg Missile Weapons Level 1, Zerg Ground Armor Level 1  
  91  7:05  Hydralisk Den  
  90  7:13  Drone x12  
  90  7:14  Queen  
  104  7:20  Centrifical Hooks  
  104  7:26  Overseer  
  104  7:36  Grooved Spines  
  104  7:39  Infestation Pit  
  104  7:41  Extractor  
  104  7:44  Drone x3  
  105  7:46  Drone x3, Extractor  
  105  7:48  Drone  
  105  7:49  Hydralisk  
  105  7:51  Overlord x5  
  110  8:12  Hydralisk x12  
  112  8:13  Hydralisk  
  136  8:26  Swarm Host x4  
  148  8:30  Overlord x5  
  148  8:50  Baneling x11  
  148  8:51  Zergling x42  
  169  8:57  Zergling x2  
  169  9:00  Hydralisk  
  172  9:09  Zergling x20  
  169  9:16  Zergling x6  
  152  9:20  Hydralisk x2  
  150  9:26  Swarm Host x3  
  154  9:35  Hydralisk  
  154  9:36  Hydralisk x4  
  150  9:40  Hydralisk x4  
  150  9:42  Baneling x3  
  150  9:43  Baneling  
  158  9:48  Swarm Host  
  158  9:49  Swarm Host x3  
  158  9:52  Zerg Missile Weapons Level 2  
  170  9:53  Zerg Ground Armor Level 2  
  170  9:56  Queen  
  172  10:00  Swarm Host  
  172  10:01  Swarm Host  
  172  10:03  Overlord x3  
  172  10:06  Baneling x6  
  172  10:07  Baneling x4  
  181  10:26  Swarm Host x2  
  181  10:27  Swarm Host  
  190  10:35  Zergling x26  
  197  10:44  Zergling x6  
  167  11:05  Hydralisk  
  167  11:06  Hydralisk x11  
  167  11:11  Baneling x6  
  173  11:21  Hydralisk  
  173  11:22  Hydralisk x7  
  178  11:30  Queen x4  
  178  11:31  Hydralisk x5  
  188  11:40  Zergling x4  
  174  11:50  Hydralisk x5  
  176  11:55  Hive  
  176  11:56  Zergling x6  
  176  11:59  Extractor  
  176  12:00  Zergling x4  
  178  12:03  Hydralisk  
  178  12:04  Hydralisk x2  
  178  12:07  Muscular Augments  
  183  12:11  Zergling x4  
  183  12:14  Hatchery  
  183  12:20  Zergling x6  
  183  12:21  Hydralisk x2  
  174  12:24  Baneling  
  174  12:25  Baneling x9  
  168  12:32  Hydralisk x5  
  166  12:37  Hydralisk  
  166  12:38  Hydralisk x2  
  169  12:49  Hydralisk x5  
  169  12:50  Hydralisk x3  
  180  12:56  Hydralisk x2  
  180  12:58  Zergling x12  
  190  13:07  Drone  
  190  13:08  Drone x4  
  195  13:17  Zergling x6  
  196  13:25  Hydralisk  
  196  13:26  Hydralisk x4  
  195  13:36  Zergling x10  
  199  13:46  Zergling x2  
  200  14:02  Zerg Ground Armor Level 3, Zerg Missile Weapons Level 3  
  200  14:03  Hatchery  
  200  14:06  Spire  
  200  14:08  Baneling  
  200  14:09  Baneling x19  
  198  14:14  Hatchery  
  197  14:20  Zergling x6  
  193  14:42  Zergling x22  
  193  14:45  Spore Crawler  
  198  14:48  Spine Crawler  
  198  14:49  Spine Crawler x2  
  195  14:55  Spine Crawler, Drone x5  
  199  15:14  Baneling x4  
  199  15:15  Baneling x12  
  198  15:23  Hydralisk x6  
  198  15:24  Hydralisk x2  
  194  15:34  Swarm Host x2  
  198  15:40  Zergling x12  
  193  15:48  Hydralisk x5  
  193  15:49  Hydralisk x9  
  191  15:51  Swarm Host  
  187  16:08  Zergling x16  
  175  16:22  Zergling x18  
  164  16:31  Hydralisk x3  
  151  16:35  Hydralisk x3  
Show
View Real Time Build Order
Export as new Build Order

Vanish Terran - Winner!

Build Orders: Hellion Opening, Reaper Expand, Mech 

Get SALT Encoding   

  12  0:01  SCV  
  13  0:17  Supply Depot  
  13  0:21  SCV  
  14  0:33  SCV  
  15  0:43  Barracks  
  15  0:49  Refinery  
  15  0:51  SCV  
  16  1:03  SCV  
  17  1:15  SCV  
  18  1:27  SCV  
  19  1:32  Reaper  
  19  1:39  Orbital Command  
  20  1:49  Command Center  
  20  1:58  Supply Depot  
  20  2:04  Marine  
  20  2:07  SCV  
  22  2:11  Refinery  
  22  2:19  SCV  
  23  2:24  Factory  
  23  2:26  Barracks Reactor  
  23  2:32  SCV  
  24  2:44  SCV  
  25  2:56  SCV  
  26  3:02  Orbital Command  
  26  3:11  Starport  
  26  3:14  Hellion x2  
  26  3:16  SCV  
  26  3:18  Marine  
  32  3:26  Supply Depot  
  32  3:29  SCV  
  32  3:32  SCV  
  34  3:36  Hellion x2  
  34  3:37  Marine  
  34  3:41  SCV  
  40  3:48  SCV  
  41  3:49  Supply Depot  
  41  3:53  SCV  
  41  3:55  Marine  
  42  3:57  Hellion x2  
  42  3:59  Medivac  
  49  4:08  Armory  
  49  4:11  SCV x2  
  49  4:14  Supply Depot  
  49  4:16  Marine  
  52  4:21  Hellion x2  
  56  4:25  SCV x2  
  58  4:42  Command Center  
  58  4:43  SCV  
  58  4:44  SCV  
  60  4:52  Supply Depot, Barracks Tech Lab  
  60  4:53  Starport Tech Lab  
  51  5:10  Hellion x2  
  52  5:15  Factory  
  52  5:16  Factory  
  52  5:18  SCV x2  
  52  5:20  Refinery  
  52  5:21  Refinery  
  42  5:27  Barracks Tech Lab, Starport Tech Lab  
  42  5:29  Supply Depot  
  42  5:30  SCV  
  42  5:31  SCV  
  42  5:32  Hellion x2  
  48  5:39  Terran Vehicle Weapons Level 1  
  48  5:43  SCV x2  
  50  5:55  SCV x2  
  52  6:00  Factory  
  52  6:02  Factory  
  52  6:03  Orbital Command, Hellion x2  
  56  6:07  SCV x2, Supply Depot  
  56  6:09  Infernal Pre-Igniter  
  58  6:18  Thor  
  64  6:26  Orbital Command  
  64  6:27  Thor  
  70  6:37  Supply Depot  
  70  6:39  Supply Depot  
  66  6:55  Medivac  
  66  6:57  Siege Tank x2  
  66  6:58  Hellion  
  66  6:59  Hellion  
  66  7:00  Supply Depot  
  74  7:01  Hellion  
  74  7:05  SCV x3  
  79  7:10  Hellion  
  81  7:17  SCV x2  
  81  7:18  SCV  
  84  7:24  Supply Depot  
  84  7:25  Siege Tank  
  84  7:26  Supply Depot, Hellion  
  84  7:28  Medivac  
  84  7:29  Siege Tank, SCV x2  
  96  7:30  SCV  
  97  7:44  Terran Vehicle Weapons Level 2  
  97  7:46  Hellion x3  
  97  7:47  Hellion  
  97  7:49  SCV x3  
  108  7:55  Smart Servos  
  108  7:57  Hellion  
  110  8:01  SCV x2, Hellion  
  110  8:02  SCV  
  115  8:05  Refinery x2  
  115  8:07  Hellion  
  115  8:08  Barracks Tech Lab, Hellion x3  
  115  8:09  Starport Reactor  
  123  8:25  SCV x3  
  123  8:26  Siege Tank x2  
  132  8:29  Hellion x2  
  132  8:33  Command Center, Supply Depot  
  132  8:34  Refinery  
  136  8:35  Supply Depot  
  136  8:36  Refinery  
  136  8:46  Siege Tank  
  136  8:47  Hellion  
  141  8:50  Siege Tank, Hellion  
  146  8:58  Hellion  
  146  8:59  Hellion  
  146  9:01  Medivac x2  
  154  9:08  Hellion  
  144  9:12  Hellion  
  124  9:18  Siege Tank  
  124  9:20  Siege Tank, Hellion  
  124  9:23  Hellion  
  122  9:30  Hellion  
  118  9:33  Hellion  
  112  9:41  Hellion  
  112  9:44  Siege Tank  
  117  9:49  Armory  
  117  9:50  Siege Tank  
  117  9:51  Hellion  
  117  9:52  Siege Tank  
  125  9:54  Hellion  
  127  10:02  Siege Tank  
  130  10:12  Hellion, Engineering Bay  
  130  10:13  Viking  
  134  10:16  Siege Tank, Hellion  
  139  10:22  Siege Tank  
  139  10:24  Hellion  
  144  10:34  Siege Tank  
  147  10:45  Siege Tank  
  147  10:46  Viking x2  
  147  10:48  Siege Tank  
  157  10:54  Siege Tank  
  145  11:02  Hellion  
  145  11:03  Hellion  
  129  11:06  Siege Tank  
  126  11:16  Viking  
  126  11:17  Siege Tank  
  127  11:20  Siege Tank  
  127  11:24  Hellion x2  
  129  11:26  Siege Tank  
  129  11:30  Planetary Fortress  
  129  11:35  Missile Turret  
  129  11:39  Hellion  
  128  11:45  Hellion x2  
  130  11:50  Hellion  
  130  11:52  Hellion  
  120  11:59  Hellion, Viking x2  
  120  12:00  Hellion  
  125  12:07  Hellion x2  
  129  12:11  Hellion  
  128  12:19  Hellion  
  128  12:20  Hellion  
  128  12:22  Hellion, Terran Vehicle Weapons Level 3  
  131  12:23  Terran Vehicle And Ship Armor Level 1  
  131  12:28  Hellion x2  
  131  12:29  Viking x2  
  137  12:32  Hellion  
  135  12:40  Hellion  
  135  12:41  Hellion  
  135  12:43  Hellion  
  135  12:49  Hellion  
  135  12:50  Hellion  
  117  12:54  Hellion  
  108  12:59  Viking  
  108  13:02  Hellion  
  108  13:03  Hellion  
  108  13:04  Hellion  
  116  13:11  Factory, Hellion x2  
  116  13:12  Factory  
  120  13:15  Hellion  
  120  13:16  Factory  
  118  13:21  Command Center  
  118  13:23  Hellion  
  118  13:24  Hellion  
  118  13:26  Hellion  
  112  13:32  Hellion  
  108  13:34  Hellion  
  108  13:36  Siege Tank  
  109  13:44  Siege Tank  
  109  13:45  Siege Tank  
  109  13:47  Siege Tank  
  118  13:50  Supply Depot  
  117  14:01  Hellion x16  
  117  14:06  Command Center  
  117  14:08  Siege Tank, Factory Tech Lab x3  
  120  14:11  Viking x2  
  120  14:13  Factory Reactor  
  120  14:16  Siege Tank  
  127  14:17  Siege Tank  
  127  14:19  Siege Tank, Supply Depot  
  127  14:20  Supply Depot  
  123  14:40  Siege Tank  
  123  14:41  Siege Tank x2  
  123  14:42  Hellion x2  
  114  14:48  Siege Tank  
  114  14:50  Siege Tank  
  114  14:51  Siege Tank, Hellion  
  114  14:52  Hellion  
  127  15:03  Hellion  
  127  15:04  Hellion  
  129  15:13  Hellion x2  
  133  15:15  Hellion x3  
  133  15:21  Hellion  
  141  15:26  Hellion x4  
  146  15:36  Thor  
  146  15:37  Hellbat x2  
  130  15:52  Hellion x5  
  130  15:53  Hellion  
  130  15:56  Hellion  
  144  15:59  Hellion  
  144  16:00  Hellion  
  146  16:16  Hellion x5  
  148  16:25  Hellion x3  
  138  16:29  Hellion  
  133  16:55  Engineering Bay  
  133  16:58  Refinery  
  133  17:02  Refinery  
Tags
 
Add a new tag
Caveats
  • Supply blocks, unpowered buildings, or Contaminate may cause inaccurate times.
  • Supply counts are checked every 10 seconds.